 Dungeon Crawl Stone Soup version 0.25.1-2-g60ff931df9 (webtiles) character file.

Game seed: 12140079344037056916

1626 Acheron the Ruffian (level 8, 0/72 HPs)
             Began as a Troll Earth Elementalist on July 29, 2020.
             Was a Follower of Okawaru.
             Slain by a hound (4 damage)
             ... on level 8 of the Dungeon.
             The game lasted 00:26:53 (4880 turns).

Acheron the Ruffian (Troll Earth Elementalist)      Turns: 4880, Time: 00:26:53

Health: 0/72       AC:  8    Str: 17    XL:     8   Next: 65%
Magic:  10/10      EV: 11    Int: 11    God:    Okawaru [*.....]
Gold:   333        SH:  0    Dex: 12    Spells: 5/11 levels left

rFire    . . .     SeeInvis .     - Unarmed
rCold    . . .     Gourm    +   (no shield)
rNeg     + . .     Faith    .   c - +0 robe
rPois    .         Spirit   .   p - +2 hat
rElec    .         Reflect  .   (no cloak)
rCorr    .         Harm     .   (gloves unavailable)
MR       .....                  (boots unavailable)
Stlth    ++........             (no amulet)
HPRegen  0.62/turn              l - ring of positive energy
MPRegen  0.12/turn              (no ring)

@: very slightly contaminated
A: large, unfitting armour, claws 3, fast metabolism 3, gourmand, regeneration
1, shaggy fur 1, tough skin 3
a: Heroism, Renounce Religion


You were on level 8 of the Dungeon.
You worshipped Okawaru.
Okawaru was aware of your devotion.
You were full.

You visited 2 branches of the dungeon, and saw 9 of its levels.

You collected 333 gold pieces.

Inventory:

Hand Weapons
 n - a +1 trident
 u - a +0 rapier
 y - a +0 spear of venom
Missiles
 b - 152 stones
 k - 42 poisoned darts (quivered)
 m - 80 arrows
 z - 2 boomerangs
Armour
 c - a +0 robe (worn)
 p - a +2 hat (worn)
Magical Staves
 i - an uncursed staff of death {unknown}
Jewellery
 l - a ring of positive energy (left claw)
 C - an uncursed ring of ice
Wands
 s - a wand of polymorph (1)
 v - a wand of iceblast (11)
 x - a wand of flame (12)
Scrolls
 a - 2 scrolls of identify
 q - a scroll of magic mapping
 E - a scroll of enchant weapon
Potions
 e - a potion of berserk rage {unknown}
 f - a potion of brilliance
 g - a potion of might
 h - 3 potions of haste {unknown}
 j - a potion of stabbing {unknown}
 o - 3 potions of curing
 t - 2 potions of magic {unknown}
 A - a potion of degeneration {unknown}
 B - a potion of ambrosia {unknown}
Comestibles
 d - 14 rations


   Skills:
 * Level 2.2 Fighting
 * Level 2.5 Throwing
 * Level 3.8 Dodging
 * Level 2.1 Stealth
 * Level 6.2 Unarmed Combat
 * Level 2.2 Spellcasting
 * Level 0.5 Conjurations
 + Level 0.6 Transmutations
 * Level 4.2 Earth Magic
 * Level 0.8 Invocations
 * Level 1.5 Evocations


You had 5 spell levels left.
You knew the following spells:

 Your Spells              Type           Power        Failure   Level  Hunger
a - Sandblast             Erth           ##....       4%          1    ##.....
b - Stone Arrow           Conj/Erth      #.....       32%         3    ####...
c - Passwall              Tmut/Erth      #.......     16%         2    ###....

Your spell library contained the following spells:

 Spells                   Type           Power        Failure   Level  Hunger
 Summon Small Mammal      Summ           #...         28%         1    ##.....
 Call Imp                 Summ           #.......     41%         2    ###....
 Call Canine Familiar     Summ           #.......     65%         3    ####...
 Summon Guardian Golem    Hex/Summ       #.......     65%         3    ####...
 Petrify                  Tmut/Erth      #.......     71%         4    #####..
 Lee's Rapid Deconstruct  Erth           ##........   80%         5    ######.
 Summon Ice Beast         Ice/Summ       #.......     96%         4    #####..
 Summon Lightning Spire   Summ/Air       #.......     96%         4    #####..


Dungeon Overview and Level Annotations

Branches:
Dungeon (8/15)             Temple (1/1) D:5
   Lair: D:8-11

Altars:
Ashenzari
Cheibriados
Dithmenos
Elyvilon
Hepliaklqana
Kikubaaqudgha
Makhleb
Okawaru
Ru
Sif Muna
Trog
Uskayaw
Vehumet
Wu Jian
Xom
Yredelemnul
Zin
The Shining One

Annotations:
D:2 exclusion: downstairs
D:3 exclusion: 2 downstairs
D:4 Sigmund
D:8 Joseph


Innate Abilities, Weirdness & Mutations

You are too large for most types of armour.
You have claws for hands.
Your metabolism is lightning-fast.
You like to eat raw meat.
Your natural rate of healing is unusually fast.
You are covered in fur. (AC +1)
You have extremely tough skin. (AC +3)


Message History

You claw the wolf!
You kill the wolf!
Okawaru accepts your kill.
You scratch the hound but do no damage.
The hound is severely wounded.
The hound bites you.
* * * LOW HITPOINT WARNING * * *
You claw the hound!
You kill the hound!
Okawaru accepts your kill.
You claw the hound!
The hound is almost dead.
You hear a shout!
The hound bites you.
* * * LOW HITPOINT WARNING * * *
You hear a bark!
You scratch the hound.
The hound is almost dead.
The hound misses you. The hound bites you.
You die...

####.#....##..........
#........#...##..h..
≈≈...................
≈......####..........
...≈≈≈.##.T#.##.....
..##≈≈≈.h#h.....#..
#####.≈≈.h...[.....
#.##≈≈h#..≈h....###...
#.≈≈@#≈≈≈.###### #...
#.≈≈###≈#### #... #.#
#≈# #... .. ### ....
#≈ ####


You could see a hound.

Vanquished Creatures
  A spriggan (D:7)
  Duvessa (D:7)
  A phantom (D:6)
  2 sky beasts
  A wolf (D:8)
  3 centaurs
  Blork the orc (D:5)
  Dowan (D:7)
  A scorpion (D:3)
  A crimson imp (D:6)
  A bullfrog zombie (D:7)
  A centaur zombie (D:6)
  3 hounds
  3 bullfrog skeletons
  Ijyb (D:3)
  2 worker ants
  An orc wizard (D:2)
  Robin (D:3)
  4 gnolls (D:4)
  5 adders
  A shadow imp (D:7)
  An ooze (D:2)
  4 worms
  2 dart slugs
  18 orcs
  15 goblins
  11 hobgoblins
  6 jackals
  7 kobolds
  2 quokkas
  3 ball pythons
  5 bats
  2 frilled lizards
  A leopard gecko skeleton (D:4)
  A quokka skeleton (D:5)
  6 rats
120 creatures vanquished.

Vanquished Creatures (others)
  An orc (D:6)
1 creature vanquished.

Grand Total: 121 creatures vanquished

Notes
Turn   | Place    | Note
-------+----------+-------------------------------------------
     0 | D:1      | Acheron the Troll Earth Elementalist began the quest for
                  | the Orb.
     0 | D:1      | Reached XP level 1. HP: 16/16 MP: 1/1
   155 | D:1      | Reached XP level 2. HP: 22/24 MP: 2/2
   770 | D:2      | Reached XP level 3. HP: 29/31 MP: 4/4
   857 | D:2      | Reached skill level 1 in Unarmed Combat
  1019 | D:2      | Reached XP level 4. HP: 33/40 MP: 5/5
  1695 | D:3      | Noticed Robin
  1718 | D:3      | Killed Robin
  1732 | D:3      | Reached skill level 2 in Unarmed Combat
  2107 | D:3      | Reached XP level 5. HP: 27/46 MP: 6/6
  2188 | D:3      | Reached skill level 1 in Fighting
  2206 | D:3      | Noticed Ijyb
  2233 | D:3      | Killed Ijyb
  2233 | D:3      | Reached skill level 1 in Throwing
  2292 | D:3      | Learned a level 3 spell: Stone Arrow
  2295 | D:3      | Learned a level 2 spell: Passwall
  2671 | D:4      | Noticed Sigmund
  2973 | D:3      | Reached skill level 3 in Unarmed Combat
  2973 | D:3      | Reached XP level 6. HP: 32/55 MP: 7/7
  3051 | D:5      | Entered Level 5 of the Dungeon
  3051 | D:5      | Noticed a sky beast
  3062 | D:5      | Noticed Blork the orc
  3073 | D:5      | Killed Blork the orc
  3310 | D:5      | Found a staircase to the Ecumenical Temple.
  3318 | D:5      | Reached XP level 7. HP: 41/62 MP: 8/8
  3335 | Temple   | Entered the Ecumenical Temple
  3450 | Temple   | Became a worshipper of Warmaster Okawaru
  3629 | D:5      | Reached skill level 4 in Unarmed Combat
  3840 | D:7      | Reached skill level 1 in Evocations
  4017 | D:7      | Noticed Duvessa
  4017 | D:7      | Noticed Dowan
  4122 | D:6      | Reached skill level 5 in Unarmed Combat
  4329 | D:6      | Reached XP level 8. HP: 57/72 MP: 10/10
  4468 | D:6      | Reached * piety under Okawaru
  4592 | D:7      | Killed Duvessa
  4598 | D:7      | Killed Dowan
  4707 | D:7      | Reached skill level 6 in Unarmed Combat
  4810 | D:8      | Noticed Joseph
  4845 | D:8      | Noticed a troll
  4879 | D:8      | HP: 3/72 [hound (4)]
  4880 | D:8      | Slain by a hound

Illustrated notes

Levels and vault maps discovered:
D:1:      matt_arrival_diagonals, layout_rooms, serial_aquarium,
          aquarium_bridge_straight [aquarium_subvault_bridge,
          aquarium_subvault_window, aquarium_subvault_bridge,
          aquarium_subvault_window], aquarium_window_1, aquarium_window_fake,
          aquarium_window_fake, aquarium_view_2c, aquarium_pool_split,
          st_stairs_9
D:2:      layout_basic
D:3:      layout_loops_corners, first_ration, minmay_misc_feat_five, uniq_robin,
          uniq_grinder, uniq_ijyb
D:4:      layout_gridville, nicolae_overflow_crystal_walls, uniq_sigmund
D:5:      layout_rooms, temple_fountains, fedhas_altar_1, uniq_blork_the_orc
D:6:      layout_rooms, hangedman_decor_peaks_small
D:7:      layout_basic, the_bakery, wad_floor_pattern_2, uniq_duvessa
D:8:      layout_cave_pools, gammafunk_temple_overflow_statue, erik_lair_island,
          serial_rivers, chequers_serial_rivers_micro_a,
          chequers_serial_rivers_small_b, chequers_serial_rivers_micro_e,
          chequers_serial_rivers_micro_a, chequers_serial_rivers_small_3,
          chequers_serial_rivers_small_b, uniq_joseph
Temple:   dpeg_five_rooms_temple

Skill      XL: |  1  2  3  4  5  6  7  8 |
---------------+-------------------------+-----
Earth Magic    | 3 4 |  4.2
Dodging        | 2 3 |  3.8
Unarmed Combat | 1 2 3 5 6 |  6.2
Fighting       | 1 2 |  2.2
Throwing       | 1 2 |  2.5
Evocations     | 1 |  1.5
Spellcasting   | 2 |  2.2
Stealth        | 2 |  2.1
Conjurations   | |  0.5
Transmutations | |  0.6
Invocations    | |  0.8

Action                   |  1- 3 |  4- 6 |  7- 9 || total
-------------------------+-------+-------+-------++-------
Melee: Unarmed           |   100 |   223 |   169 ||   492
       Punch             |     1 |     5 |     5 ||    11
Throw: Dart              |       |     5 |       ||     5
 Cast: Sandblast         |       |     4 |       ||     4
Invok: Heroism           |       |       |     2 ||     2
Evoke: Wand              |       |       |     1 ||     1
  Use: Scroll            |       |     6 |    12 ||    18
 Stab: Sleeping          |     1 |     3 |     2 ||     6
       Confused          |       |       |     1 ||     1
  Eat: Chunk             |    15 |    21 |    11 ||    47
Armor: Robe              |    44 |    79 |    58 ||   181
       Skin              |       |       |     2 ||     2
Dodge: Dodged            |    53 |    94 |   107 ||   254
